 Dungeon Crawl Stone Soup version 0.30-a0-1123-gabc949cf19 (webtiles) character file.

Game seed: 17319015123903376997

517794 Lobster4 the Archmage (level 24, -10/142 HPs)
             Began as a Deep Elf Earth Elementalist on Apr 22, 2023.
             Was the Champion of Vehumet.
             Mangled by a spark wasp (24 damage)
             ... on level 3 of the Depths.
             The game lasted 05:07:05 (84457 turns).

Lobster4 the Archmage (DEEE)                       Turns: 84457, Time: 05:07:05

Health: -10/142    AC: 14    Str: 13    XL:     24   Next: 54%
Magic:  8/56       EV: 24    Int: 36    God:    Vehumet [******]
Gold:   4719       SH: 13    Dex: 21    Spells: 8/77 levels left

rFire   + + .        w - staff of conjuration "Zuimicih" {+Blink rC- Dex+3}
rCold   + + +        E - +2 buckler {reflect}
rNeg    + + .        t - +4 skin of Zhor {*Englaciate rC+++ SInv}
rPois   +            I - -2 hat of the Alchemist {rElec rPois rF+ rC+ rN+ Will+ rMut rCorr}
rElec   +            f - +2 cloak "Izypriaq" {Contam rC+++ Str+6}
rCorr   +            p - +1 pair of gloves of Cheibriados's Favour {Regen+ Int+2 Dex+3}
SInv    +            Q - +2 pair of boots
Will    +++++        y - amulet "Egaph" {Reflect rElec Will+ SH+5 SInv}
Stlth   +++++++      c - ring of Haonluleco {rC+ rN+ Int+3}
HPRegen 1.23/turn    b - ring of Diez {rPois rF+ Will+}
MPRegen 0.35/turn

%: reflection, resist mutation
@: studying 2 skills
A: no striking features
}: 2/15 runes: serpentine, barnacled
a: Renounce Religion, Evoke Blink


You were on level 3 of the Depths.
You worshipped Vehumet.
Vehumet was exalted by your worship.
You visited 10 branches of the dungeon, and saw 44 of its levels.
You visited 1 bazaar.
You also visited: Sewer, Bailey, Ice Cave, Volcano and Desolation.

You collected 8153 gold pieces.
You spent 3434 gold pieces at shops.

Inventory:

Hand Weapons
 u - the +9 sling "Fikukh" {freeze, rF+++ Int-4 SInv}
   (You took it off a salamander on level 3 of the Snake Pit)

   Int:       It affects your intelligence (-4).
   rF:        It renders you almost immune to fire.
   SInv:      It lets you see invisible.
Missiles
 d - 18 curare-tipped darts
 i - 64 poisoned darts (quivered)
Armour
 f - the +2 cloak "Izypriaq" (worn) {Contam rC+++ Str+6}
   (You found it on level 4 of the Shoals)

   Str:       It affects your strength (+6).
   rC:        It renders you almost immune to cold.
   Contam:    It causes magical contamination when unequipped.
 n - the +7 fire dragon scales "Rayl Sag" {rF++ rC- Regen+ rCorr Dex-3}
   (You found it on level 3 of the Elven Halls)

   Dex:       It affects your dexterity (-3).
   rF:        It greatly protects you from fire.
   rC:        It makes you vulnerable to cold.
   Regen:     It increases your rate of health regeneration.
   rCorr:     It protects you from acid and corrosion.
 p - the +1 pair of gloves of Cheibriados's Favour (worn) {Regen+ Int+2 Dex+3}
   (You acquired it on level 3 of the Lair of Beasts)

   Int:       It affects your intelligence (+2).
   Dex:       It affects your dexterity (+3).
   Regen:     It increases your rate of health regeneration.
 t - the +4 skin of Zhor (worn) {*Englaciate rC+++ SInv}
   (You took it off a frost giant in an ice cave)

   *Englaciate: It radiates cold, occasionally slowing all nearby creatures who
   are not resistant to cold.
   rC:        It renders you almost immune to cold.
   SInv:      It lets you see invisible.
 E - a +2 buckler of reflection (worn)
 I - the -2 hat of the Alchemist (worn) {rElec rPois rF+ rC+ rN+ Will+ rMut rCorr}
   (You bought it in a shop on level 1 of the Depths)

   rF:        It protects you from fire.
   rC:        It protects you from cold.
   rElec:     It insulates you from electricity.
   rPois:     It protects you from poison.
   rN:        It protects you from negative energy.
   rCorr:     It protects you from acid and corrosion.
   rMut:      It protects you from mutation.
   Will:      It increases your willpower.
 Q - a +2 pair of boots (worn)
Magical Staves
 w - the staff of conjuration "Zuimicih" (weapon) {+Blink rC- Dex+3}
   (You found it on level 3 of the Elven Halls)

   [staff of conjuration]

   Base accuracy: +5 Base damage: 5 Base attack delay: 1.2 This weapon's minimum
   attack delay (0.6) is reached at skill level 12.
   Dex:       It affects your dexterity (+3).
   rC:        It makes you vulnerable to cold.
   +Blink:    It lets you blink.
   It falls into the 'Staves' category.
   It is a one-handed weapon.
 G - a staff of fire
 R - a staff of earth
Jewellery
 b - the ring of Diez (right hand) {rPois rF+ Will+}
   (You bought it in a shop on level 2 of the Orcish Mines)

   [ring of protection from fire]

   rF:        It protects you from fire.
   rPois:     It protects you from poison.
   Will:      It increases your willpower.
 c - the ring of Haonluleco (left hand) {rC+ rN+ Int+3}
   (You found it on level 4 of the Shoals)

   [ring of protection from cold]

   Int:       It affects your intelligence (+3).
   rC:        It protects you from cold.
   rN:        It protects you from negative energy.
 j - a ring of flight
 y - the amulet "Egaph" (around neck) {Reflect rElec Will+ SH+5 SInv}
   (You found it in the Desolation of Salt)

   [amulet of reflection]

   It reflects blocked missile attacks.
   rElec:     It insulates you from electricity.
   SInv:      It lets you see invisible.
   SH:        It affects your SH (+5).
   Will:      It increases your willpower.
Wands
 v - a wand of roots (36)
 F - a wand of digging (10)
 Y - a wand of mindburst (7)
Scrolls
 g - a scroll of poison
 k - 5 scrolls of immolation
 o - 23 scrolls of teleportation
 A - a scroll of acquirement
 C - 6 scrolls of fog
 H - 2 scrolls of silence
 J - 3 scrolls of fear
 U - 3 scrolls of blinking
 V - 8 scrolls of amnesia
Potions
 e - 3 potions of flight
 l - 6 potions of brilliance
 m - 8 potions of resistance
 q - 7 potions of haste
 s - 14 potions of mutation
 x - 5 potions of berserk rage
 z - 3 potions of heal wounds
 D - 20 potions of curing
 K - 7 potions of ambrosia
 L - 5 potions of lignification
 O - 5 potions of cancellation
 P - 5 potions of invisibility
 S - 7 potions of might
 X - 6 potions of magic
Miscellaneous
 h - a box of beasts (inert)
 r - a phantom mirror
 T - a lightning rod (4/4)
 Z - a phial of floods


   Skills:
 - Level 12.0 Fighting
 - Level 2.0 Short Blades
 - Level 6.0 Staves
 - Level 7.0 Ranged Weapons
 - Level 3.0 Throwing
 * Level 11.9 Armour
 + Level 16.3 Dodging
 - Level 17.0 Stealth
 - Level 6.0 Shields
 O Level 27 Spellcasting
 - Level 15.0 Conjurations
 - Level 10.0 Summonings
 - Level 5.0 Necromancy
 - Level 3.0 Transmutations
 - Level 10.0 Fire Magic
 - Level 5.0 Air Magic
 * Level 23.2 Earth Magic
 - Level 8.0 Evocations


You had 8 spell levels left.
You knew the following spells:

 Your Spells              Type           Power      Damage    Failure   Level
a - Sandblast             Erth           100%       2d20      0%          1
b - Stone Arrow           Conj/Erth      100%       3d13      0%          3
c - Iron Shot             Conj/Erth      67%        9d12      1%          6
d - Borgnjor's Vile Clut  Necr/Erth      50%        N/A       1%          5
e - Lehudib's Crystal Sp  Conj/Erth      67%        10d15     1%          8
f - Starburst             Conj/Fire      59%        6d16      1%          6
g - Spellforged Servitor  Conj/Summ      59%        N/A       1%          7
h - Orb of Destruction    Conj           62%        9d15      1%          7
i - Iskenderun's Battles  Conj           100%       2d15      1%          5
j - Plasma Beam           Fire/Air       40%        2x1d59    1%          6
k - Shatter               Erth           60%        3d45*     1%          9
p - Passwall              Tmut/Erth      80%        N/A       0%          2
s - Petrify               Tmut/Erth      97%        N/A       1%          4

Your spell library contained the following spells:

 Spells                   Type           Power      Damage    Failure   Level
 Maxwell's Capacitive Co  Air            35%        ∞         69%         8
 Fire Storm               Conj/Fire      59%        8d15      58%         9
 Foxfire                  Conj/Fire      100%       2x1d9     0%          1
 Kiss of Death            Conj/Necr      100%       2d13      0%          1
 Magic Dart               Conj           100%       1d8       0%          1
 Shock                    Conj/Air       100%       1d9       0%          1
 Call Imp                 Summ           100%       N/A       0%          2
 Animate Armour           Summ/Erth      100%       N/A       0%          4
 Sting                    Tmut/Pois      100%       1d8       1%          1
 Blink                    Tloc           96%        N/A       1%          2
 Cigotuvi's Dreadful Rot  Necr/Pois/Air  100%       N/A       1%          2
 Ensorcelled Hibernation  Hex/Ice        96%        N/A       1%          2
 Lesser Beckoning         Tloc           96%        N/A       1%          2
 Poisonous Vapours        Pois/Air       100%       N/A       1%          2
 Sublimation of Blood     Necr           71%        N/A       1%          2
 Wereblood                Tmut           63%        N/A       1%          2
 Frozen Ramparts          Ice            96%        1d15      1%          3
 Gell's Gravitas          Tloc           48%        N/A       1%          3
 Inner Flame              Hex/Fire       71%        N/A       1%          3
 Mephitic Cloud           Conj/Pois/Air  98%        N/A       1%          3
 Ozocubu's Armour         Ice            48%        N/A       1%          3
 Portal Projectile        Hex/Tloc       96%        N/A       1%          3
 Summon Guardian Golem    Hex/Summ       71%        N/A       1%          3
 Swiftness                Air            71%        N/A       1%          3
 Teleport Other           Tloc           48%        N/A       1%          3
 Tukima's Dance           Hex            48%        N/A       1%          3
 Volatile Blastmotes      Fire/Tloc      100%       2d18      1%          3
 Animate Dead             Necr           71%        N/A       1%          4
 Flame Wave               Conj/Fire      100%       2d21      1%          4
 Leda's Liquefaction      Hex/Erth       46%        N/A       1%          4
 Olgreb's Toxic Radiance  Pois           48%        N/A       1%          4
 Sticky Flame             Conj/Fire      100%       2d11      1%          4
 Summon Ice Beast         Ice/Summ       71%        N/A       1%          4
 Fireball                 Conj/Fire      59%        3d23      1%          5
 Irradiate                Conj/Tmut      53%        3d29      1%          5
 Summon Forest            Summ/Tloc      35%        N/A       1%          5
 Summon Mana Viper        Hex/Summ       71%        N/A       1%          5
 Conjure Ball Lightning   Conj/Air       55%        3x3d20    1%          6
 Statue Form              Tmut/Erth      64%        N/A       1%          6
 Summon Cactus Giant      Summ           44%        N/A       1%          6
 Yara's Violent Unravell  Hex/Tmut       28%        3d12      2%          5
 Cause Fear               Hex            24%        N/A       4%          4
 Manifold Assault         Tloc           48%        N/A       4%          4
 Passage of Golubria      Tloc           48%        N/A       4%          4
 Blade Hands              Tmut           31%        N/A       4%          5
 Silence                  Hex/Air        30%        N/A       4%          5
 Summon Hydra             Summ           44%        N/A       7%          7
 Death Channel            Necr           35%        N/A       10%         6
 Eringya's Noxious Bog    Tmut/Pois      28%        N/A       11%         6
 Metabolic Englaciation   Hex/Ice        24%        N/A       14%         5
 Ignition                 Fire           44%        3d13      16%         8
 Haunt                    Necr/Summ      40%        N/A       21%         7
 Simulacrum               Ice/Necr       30%        N/A       28%         6
 Storm Form               Tmut/Air       33%        N/A       63%         7
 Dragon Form              Tmut           31%        N/A       77%         7
 Borgnjor's Revivificati  Necr           35%        N/A       99%         8
 Infestation              Necr           35%        N/A       99%         8
 Discord                  Hex            24%        N/A       100%        8
 Disjunction              Tloc           24%        N/A       100%        8
 Necromutation            Tmut/Necr      33%        N/A       100%        8
 Death's Door             Necr           35%        N/A       100%        9
 Dragon's Call            Summ           44%        N/A       100%        9
 Polar Vortex             Ice            24%        N/A       100%        9


Dungeon Overview and Level Annotations

Branches:
Dungeon (15/15)            Temple (1/1) D:4            Lair (5/5) D:10
 Shoals (4/4) Lair:2        Snake (4/4) Lair:2        Slime (0/5) Lair:4
    Orc (2/2) D:9             Elf (3/3) Orc:2        Vaults (4/5) D:13
  Crypt (3/3) Vaults:2       Tomb (0/3) Crypt:3      Depths (3/4) D:15
  Sewer (visited)          Bailey (visited)           IceCv (visited)
Volcano (visited)         Desolation (visited)

Altars:
Ashenzari
Cheibriados
Dithmenos
Elyvilon
Fedhas
Gozag
Hepliaklqana
Kikubaaqudgha
Nemelex Xobeh
Okawaru
Sif Muna
Trog
Uskayaw
Vehumet
Wu Jian
Yredelemnul
Zin
The Shining One

Shops:
D:10 ?   D:12 =   Orc:2 [=(*   Snake:1 [   Snake:2 :   Vaults:2 :
Depths:1 [=:=:*   Depths:2 ***   Depths:3 [((!

Portals:
Hell: Depths:1 Depths:2
Abyss: Depths:3
Pandemonium: Depths:1 Depths:2
Ziggurat: Depths:2


Message History

Your spellforged servitor casts a spell at the spriggan defender.
The crystal spear hits the spark wasp!!!
The spriggan defender hits you with a +2 quick blade of draining.
You partially resist.
You feel drained.
You hit the spriggan defender.
The spriggan defender is almost dead.
The spriggan defender hits you with a +2 quick blade of draining.
You partially resist.
The spark wasp stings your spellforged servitor!!
Your spellforged servitor is destroyed!
Your spellforged servitor disappears in a puff of smoke!
Casting: Iron Shot (safe; 1% risk of failure)
Confirm with . or Enter, or press ? or * to list all spells.
You don't have enough magic to cast this spell.
Unknown command.
You open the lid... ...and a mature shockfire beast leaps out!
The box is emptied!
You block the spriggan defender's attack. x2
A deep troll earth mage comes into view.
You hit the spriggan defender but do no damage.
You blast the spriggan defender!
You kill the spriggan defender!
Vehumet accepts your kill. You block the spark wasp's attack.
The spark wasp closely misses you.
Your life force feels restored.
The spark wasp stings you!
* * * LOW HITPOINT WARNING * * *
The spark wasp shocks you. You resist.
* * * LOW HITPOINT WARNING * * *
Things that are here:
a +2 quick blade of draining; a +2 robe of fire resistance; a +0 buckler The spark wasp attacks as you move away!
The spark wasp stings you!
* * * LOW HITPOINT WARNING * * *
The spark wasp shocks you. You resist.
* * * LOW HITPOINT WARNING * * *
Your mature shockfire beast hits the spark wasp.
The spark wasp stings you!!
You die...

#.#....#...#....#
#.#.............#.≈§
#.....∩..#..∩.......
###.............#...
#....#...#....#.......
##.....∩.....##.......
##.........##).......
##.......##i).......
##.@H..##..........
###y###§.[........
#...§.§.).......
####§.....[.....
##...........
##..........
##........# #...."...#
#####§....


You could see a spark wasp (ally target) and a friendly mature shockfire beast
(summoned).

Vanquished Creatures
  An ancient lich (Crypt:3)
  Mara (Elf:3)
  Margery (Crypt:1)
  Vv (Crypt:1)
  Bai Suzhen (Vaults:4)
  the Enchantress (Depths:3)
  A bone dragon (Crypt:3)
  Zenata (Elf:3)
  A tentacled monstrosity (Depths:3)
  Jorgrun (Shoals:2)
  Mlioglotl (Snake:4)
  A lich (Crypt:3)
  Asterion (Snake:1)
  4 deep elf master archers (Elf:3)
  5 deep elf blademasters
  4 ancient champions
  Polyphemus (Shoals:3)
  A tengu reaver (Depths:2)
  3 nagarajas (Snake:4)
  A sphinx (Vaults:4)
  Donald (Snake:4)
  A revenant (Crypt:2)
  A fire giant (Vaults:4)
  5 deep elf sorcerers
  2 frost giants
  8 vault wardens
  3 imperial myrmidons (Desolation)
  2 curse skulls
  14 ironbound preservers
  Aizul (Snake:1)
  2 ghouls
  3 deep elf elementalists (Elf:3)
  6 orc warlords
  5 very ugly things
  A quicksilver ooze (shapeshifter) (Elf:1)
  2 angels (Vaults:1)
  4 ironbound thunderhulks
  2 spriggan defenders (Depths:3)
  3 stone giants
  4 vampire knights
  2 deep elf demonologists (Elf:3)
  6 deep elf annihilators
  8 dire elephants
  4 spark wasps
  2 halazid warlocks (Desolation)
  3 deep elf death magi
  3 eidola
  A mummy priest (Crypt:3)
  2 ettins
  A crystal guardian (Desolation)
  6 merfolk javelineers
  A quicksilver dragon zombie (Depths:1)
  8 jiangshi
  7 merfolk impalers
  4 fire dragons
  2 deep elf high priests (Elf:3)
  3 entropy weavers (Vaults:3)
  Josephine (D:13)
  4 ragged hierophants (Desolation)
  2 servants of whispers (Desolation)
  9 great orbs of eyes
  11 yaktaur captains
  Harold (D:10)
  2 ice dragons (Depths:1)
  Fannar (D:10)
  A rakshasa (Depths:1)
  3 salamander tyrants (Snake:4)
  10 peacekeepers
  5 vault guards
  5 hydras
  5 spriggan air magi
  15 boulder beetles
  An alligator snapping turtle (Shoals:4)
  A merfolk aquamancer (Shoals:2)
  An anaconda (shapeshifter) (Vaults:1)
  12 centaur warriors
  6 ironbound frosthearts
  2 ogre magi
  A hell beast (Depths:2)
  A merfolk avatar (Shoals:3)
  4 catoblepae
  8 anacondas
  34 dancing weapons
  2 deep troll shamans
  5 tengu warriors
  3 two-headed ogres
  18 naga warriors
  3 death knights
  A satyr (Shoals:4)
  16 naga sharpshooters
  3 orc high priests (Orc:2)
  13 shock serpents
  4 deep troll earth magi
  6 vampire magi
  13 death yaks
  Sonja (D:12)
  A sun demon (Depths:2)
  Nergalle (D:10)
  7 hell knights
  23 deep elf knights
  2 skysharks
  An iron troll (Depths:2)
  3 shadow wraiths
  A fire crab (D:14)
  2 flayed ghosts
  6 salamander mystics
  6 skeletal warriors
  A glowing orange brain (shapeshifter) (Elf:2)
  3 sea snakes (Shoals:4)
  A swamp dragon (shapeshifter) (Elf:3)
  34 deep trolls
  17 deep elf archers
  A glowing orange brain (Elf:1)
  10 naga ritualists
  10 lindwurms
  6 necromancers
  3 phantasmal warriors
  19 ironbound convokers
  A bunyip skeleton (Crypt:3)
  19 harpies
  17 orc knights
  12 wizards
  An iron dragon zombie (Depths:1)
  38 deep elf zephyrmancers
  A harpy (shapeshifter) (D:15)
  2 wolf spiders (Lair:5)
  35 deep elf pyromancers
  9 mana vipers
  A frost giant zombie (Depths:1)
  10 orc sorcerers
  6 fauns
  2 human zombies
  24 ugly things
  18 salamanders
  13 cyclopes
  18 manticores
  2 worldbinders (Elf:1)
  22 elephants
  3 human skeletons (Vaults:2)
  An ice statue (IceCv)
  13 guardian serpents
  15 naga magi
  44 black mambas
  A dire elephant zombie (Crypt:1)
  2 merfolk sirens
  3 torpor snails
  3 water nymphs
  11 vault sentinels
  A green draconian zombie (Crypt:1)
  3 gargoyles (Volcano)
  An orc zombie (Crypt:3)
  7 cane toads
  3 molten gargoyles
  A frost giant skeleton (Depths:1)
  A red draconian zombie (Crypt:1)
  A spriggan zombie (Depths:1)
  2 freezing wraiths
  2 unseen horrors
  25 yaktaurs
  A kobold demonologist (D:13)
  11 rime drakes
  3 ice devils
  3 komodo dragons
  5 guardian mummies
  An efreet (Volcano)
  A yellow draconian skeleton (Crypt:1)
  3 tengu conjurers
  10 trolls
  A meliai (D:13)
  A red devil (Depths:2)
  16 polar bears
  A shadow dragon simulacrum (Crypt:2)
  19 merfolk
  A hornet (D:9)
  6 wind drakes
  16 blink frogs
  A snapping turtle (Shoals:1)
  46 saltlings (Desolation)
  A harpy skeleton (Crypt:2)
  2 raiju (Lair:5)
  5 dream sheep
  An ettin zombie (Depths:1)
  A human simulacrum (Crypt:1)
  Prince Ribbit (D:8)
  22 slime creatures
  The ghost of hgbash the Conjurer, an amateur OpCj (D:4)
  A centaur simulacrum (D:14)
  A black mamba zombie (Crypt:1)
  6 air elementals
  6 fire elementals
  2 naga simulacra (Crypt:2)
  A vampire (D:12)
  8 wraiths
  A shadow (D:9)
  10 wyverns
  68 yaks
  6 water elementals
  Eustachio (D:5)
  3 ushabtiu (Crypt:3)
  A neqoxec (Depths:2)
  A human (shapeshifter) (D:14)
  12 vampire mosquitoes
  6 basilisks
  2 glowing shapeshifter zombies
  4 redbacks (Vaults:3)
  Menkaure (D:5)
  37 nagas
  13 wargs
  9 water moccasins
  13 hell hounds (Lair:5)
  2 acid dragons
  A water moccasin (shapeshifter) (Elf:2)
  Duvessa (D:5)
  Pargi (Sewer)
  36 orc warriors
  A sky beast (D:7)
  11 black bears (Lair:5)
  6 ice beasts
  38 wolves
  5 boggarts
  16 ogres
  A dream sheep skeleton (Crypt:3)
  A phantom (D:5)
  5 centaurs
  6 kobold brigands
  An elf zombie (Crypt:2)
  14 bullfrogs
  2 necrophages
  8 gnoll sergeants
  5 earth elementals
  3 scorpions
  Dowan (D:5)
  8 killer bees
  5 spriggan skeletons (D:14)
  A troll skeleton (D:14)
  6 howler monkeys
  4 lava snakes (Lair:2)
  4 hounds
  20 orc priests
  A jelly (D:5)
  2 sleepcaps
  6 gnoll boudas
  Crazy Yiuf (D:5)
  Jessica (D:3)
  An iguana (D:7)
  32 orc wizards
  Ijyb (D:3)
  8 hell rats
  An ogre skeleton (Crypt:2)
  3 mummies (Depths:1)
  23 gnolls
  6 adders
  A shadow imp (D:7)
  A white imp (D:8)
  3 worms
  A dart slug (D:2)
  80 orcs
  A bat skeleton (Crypt:3)
  4 endoplasms
  3 giant cockroaches
  10 goblins
  7 hobgoblins
  5 jackals (D:3)
  4 quokkas
  8 ball pythons
  15 bats
  7 frilled lizards
  A jackal skeleton (Crypt:1)
  22 kobolds
  An orc skeleton (Crypt:2)
  6 rats
1823 creatures vanquished.

Vanquished Creatures (collateral kills)
  A golden dragon (Depths:2)
  Jory (Vaults:4)
  A bone dragon (Crypt:3)
  A lich (Crypt:3)
  A quicksilver dragon (Depths:3)
  A kraken (Shoals:4)
  5 ancient champions
  A sphinx (Vaults:4)
  4 revenants (Crypt:3)
  6 vault wardens
  A curse skull (Crypt:3)
  5 ghouls
  A stone giant (Depths:2)
  A spriggan defender (Depths:3)
  5 reapers (Depths:1)
  An orc warlord (Vaults:4)
  3 ironbound preservers
  4 very ugly things
  2 ironbound thunderhulks (Vaults:2)
  5 vampire knights
  6 dire elephants
  2 spark wasps (Depths:2)
  4 deep elf death magi
  3 eidola
  A mummy priest (Crypt:3)
  An ettin (Depths:1)
  A merfolk impaler (Shoals:4)
  A merfolk javelineer (Shoals:1)
  10 jiangshi
  2 fire dragons (Depths:2)
  A yaktaur captain (Vaults:4)
  2 spriggan zombies
  A rakshasa (Depths:2)
  An ice dragon (Depths:2)
  A vault guard (Vaults:4)
  4 ironbound frosthearts
  A spriggan skeleton (Crypt:2)
  A satyr (Shoals:4)
  A death knight (Crypt:1)
  A merfolk aquamancer (Shoals:4)
  2 merfolk avatars (Shoals:4)
  An alligator snapping turtle (Shoals:4)
  3 vampire magi
  2 deep troll shamans (Depths:1)
  A spriggan berserker (Depths:1)
  2 sun demons
  2 soul eaters
  A skyshark (Shoals:1)
  A sixfirhy (Depths:1)
  5 hell knights
  4 iron trolls
  An iron giant zombie (Crypt:2)
  2 flayed ghosts
  A shadow demon (Depths:1)
  3 skeletal warriors
  5 sea snakes
  18 deep trolls
  7 phantasmal warriors
  8 orc knights
  A tengu zombie (Depths:1)
  A wizard (Vaults:3)
  2 necromancers
  2 bog bodies (Crypt:2)
  4 ironbound convokers
  A jorogumo zombie (Crypt:3)
  5 harpies
  A goliath frog zombie (Crypt:2)
  A salamander (Depths:1)
  A faun (Shoals:4)
  7 ugly things
  2 manticores (Shoals:2)
  A merfolk siren (Shoals:1)
  A cyclops (Shoals:2)
  A frost giant skeleton (Vaults:2)
  A naga zombie (Crypt:3)
  A stone giant skeleton (Crypt:1)
  2 vault sentinels
  A water nymph (Shoals:4)
  2 centaur skeletons
  A smoke demon (Depths:1)
  2 freezing wraiths (Crypt:1)
  A yellow draconian skeleton (Crypt:3)
  8 yaktaurs
  2 guardian mummies (Depths:1)
  A death drake zombie (Crypt:3)
  2 harpy zombies (Crypt:3)
  2 merfolk
  A red devil (Depths:1)
  A hornet (Depths:3)
  3 harpy skeletons
  A hydra skeleton (Crypt:2)
  A wind drake (Shoals:4)
  A dream sheep (Shoals:2)
  A snapping turtle (Shoals:4)
  4 flying skulls (Crypt:2)
  A water elemental (Shoals:4)
  2 spriggans (Depths:3)
  A hog (shapeshifter) (Vaults:1)
  A chaos spawn (Depths:1)
  3 wraiths
  A neqoxec (Depths:1)
  A cane toad zombie (Crypt:2)
  A lindwurm zombie (Crypt:2)
  2 necrophages
  A polar bear zombie (Crypt:3)
  A bullfrog zombie (Crypt:3)
  A small abomination (Crypt:2)
  A sleepcap (D:5)
  A sky beast zombie (Crypt:3)
  A mummy (Depths:1)
  An adder zombie (Crypt:2)
  25 foxfires
279 creatures vanquished.

Vanquished Creatures (others)
  2 deep elf knights
  2 shadow wraiths (Crypt:3)
  A deep elf pyromancer (Elf:1)
  A saltling (Desolation)
  A water elemental (Elf:3)
  A bush (Lair:5)
  1022 foxfires
  33 fungi
  98 plants
  8 tentacles (Shoals:4)
  5 withered plants (D:3)
1174 creatures vanquished.

Grand Total: 3276 creatures vanquished

Notes
Turn   | Place    | Note
-------+----------+-------------------------------------------
     0 | D:1      | Lobster4 the Deep Elf Earth Elementalist began the quest
                  | for the Orb.
     0 | D:1      | Reached XP level 1. HP: 10/10 MP: 6/6
   302 | D:1      | Reached XP level 2. HP: 15/15 MP: 6/8
   306 | D:1      | Learned a level 2 spell: Passwall
  1140 | D:2      | Reached XP level 3. HP: 20/20 MP: 10/10
  1147 | D:2      | Reached skill level 4 in Spellcasting
  1268 | D:2      | Learned a level 3 spell: Stone Arrow
  1338 | D:2      | You fall into a shaft and drop 2 floors!
  1347 | D:4      | Reached XP level 4. HP: 22/24 MP: 12/12
  1354 | D:4      | Noticed a scorpion
  1359 | D:3      | Reached skill level 1 in Armour
  1374 | D:3      | Identified the amulet of Rabet {Spirit rC+ rN+ Dex+3}
  1400 | D:3      | Reached skill level 1 in Short Blades
  1475 | D:3      | Found a glowing drain.
  1479 | Sewer    | Entered a sewer
  1506 | Sewer    | Noticed Pargi
  1519 | Sewer    | Killed Pargi
  1520 | Sewer    | Reached skill level 1 in Fighting
  1520 | Sewer    | Reached XP level 5. HP: 29/29 MP: 14/14
  1601 | D:3      | Identified the +13 chain mail of the Okapi {Fly rN+ Str+3}
  1605 | D:3      | Found a faded altar of an unknown god.
  1614 | D:3      | Reached skill level 1 in Throwing
  1979 | D:3      | Reached XP level 6. HP: 34/34 MP: 15/15
  2035 | D:3      | Noticed Jessica
  2039 | D:3      | Killed Jessica
  2051 | D:3      | Found a shimmering blue altar of Sif Muna.
  2582 | D:3      | Reached skill level 5 in Spellcasting
  2658 | D:3      | Noticed Ijyb
  2680 | D:3      | Killed Ijyb
  3050 | D:4      | Found a runed translucent gate.
  3051 | D:4      | Found a runed translucent gate.
  3096 | D:4      | Noticed hgbash's ghost (amateur OpCj)
  3114 | D:4      | Found a runed translucent gate.
  3205 | D:4      | Reached skill level 1 in Evocations
  3205 | D:4      | Reached XP level 7. HP: 38/38 MP: 17/17
  3404 | D:4      | Found a staircase to the Ecumenical Temple.
  3411 | Temple   | Entered the Ecumenical Temple
  3440 | Temple   | Became a worshipper of Vehumet
  3641 | D:5      | Entered Level 5 of the Dungeon
  3695 | D:5      | Noticed Duvessa
  3696 | D:5      | Reached skill level 5 in Earth Magic
  3696 | D:5      | Noticed Dowan
  3711 | D:5      | Killed Duvessa
  3714 | D:5      | Killed Dowan
  3733 | D:5      | Reached skill level 6 in Spellcasting
  3780 | D:5      | Noticed Menkaure
  3836 | D:5      | Killed Menkaure
  3893 | D:5      | Reached XP level 8. HP: 44/44 MP: 19/19
  4164 | D:5      | Found an opulent altar of Gozag.
  4213 | D:5      | Noticed Eustachio
  4221 | D:5      | Killed Eustachio
  4543 | D:5      | Found a runed translucent door.
  4544 | D:5      | Noticed Crazy Yiuf
  4551 | D:5      | Killed Crazy Yiuf
  5625 | D:6      | Reached skill level 5 in Stealth
  5625 | D:6      | Reached skill level 7 in Spellcasting
  5708 | D:6      | Reached * piety under Vehumet
  5708 | D:6      | Offered knowledge of Foxfire by Vehumet.
  5718 | D:6      | Learned a level 1 spell: Foxfire
  6069 | D:7      | Identified the +10 mace of Ubiquitous True Grit {vamp, rF-
                  | Str+8 Dex+4}
  6099 | D:7      | Reached skill level 5 in Dodging
  6220 | D:7      | Reached XP level 9. HP: 49/49 MP: 19/22
  6466 | D:7      | Reached skill level 1 in Fire Magic
  6469 | D:7      | Reached skill level 8 in Spellcasting
  6629 | D:7      | Identified the +5 mace "Ytzacwino" {heavy, rElec rCorr
                  | Str-5 Stlth+}
  7283 | D:8      | Noticed Prince Ribbit
  7293 | D:8      | Killed Prince Ribbit
  7805 | D:8      | Found a hazy altar of Hepliaklqana.
  7882 | D:8      | Reached ** piety under Vehumet
  7882 | D:8      | Offered knowledge of Freeze by Vehumet.
  7883 | D:8      | Reached skill level 9 in Spellcasting
  8124 | D:9      | Found a flagged portal.
  8139 | Bailey   | Entered a bailey
  8391 | Bailey   | Reached skill level 1 in Staves
  8402 | Bailey   | Identified the +0 kite shield "Ciddigaw" {Str+5}
  8505 | Bailey   | Offered knowledge of Poisonous Vapours by Vehumet.
  8506 | Bailey   | Reached XP level 10. HP: 56/56 MP: 25/25
  8896 | Bailey   | Identified the ring "Bodew" {Will+ Str+6 Dex+4}
  9157 | D:9      | Found a staircase to the Orcish Mines.
  9180 | D:9      | Reached *** piety under Vehumet
  9267 | D:9      | Reached skill level 10 in Spellcasting
  9664 | D:9      | Reached skill level 1 in Shields
  9897 | D:9      | Offered knowledge of Sticky Flame by Vehumet.
  9903 | D:9      | Learned a level 4 spell: Sticky Flame
  9974 | D:9      | Learned a level 4 spell: Petrify
 10199 | D:9      | Found a bloodstained altar of Trog.
 10276 | D:10     | Entered Level 10 of the Dungeon
 10276 | D:10     | Noticed Harold
 10356 | D:10     | Noticed a two-headed ogre
 10392 | D:10     | Killed Harold
 10393 | D:10     | Reached XP level 11. HP: 62/62 MP: 27/27
 10442 | D:10     | Found a broken altar of Ashenzari.
 10502 | D:10     | Found Qucveo's Magic Scroll Shoppe.
 10571 | D:10     | Reached skill level 11 in Spellcasting
 10738 | D:10     | Noticed Fannar
 10798 | D:10     | Found a staircase to the Lair.
 10903 | D:10     | Found a white marble altar of Elyvilon.
 10981 | D:10     | Reached **** piety under Vehumet
 11061 | D:10     | Killed a two-headed ogre
 11094 | D:10     | Killed Fannar
 11269 | D:10     | Noticed a boulder beetle
 11293 | D:10     | Killed a boulder beetle
 11294 | D:10     | Reached skill level 5 in Fire Magic
 11453 | D:10     | Noticed Nergalle
 11640 | D:11     | Noticed a centaur warrior
 12133 | D:11     | Reached skill level 10 in Earth Magic
 12233 | D:11     | Offered knowledge of Hailstorm by Vehumet.
 12277 | D:11     | Identified the +2 plate armour "Damnable Contraption" {Harm
                  | +Blink Int-3 SInv}
 12539 | D:11     | Killed a centaur warrior
 12540 | D:11     | Reached skill level 12 in Spellcasting
 12758 | D:12     | Noticed a boulder beetle
 12774 | D:12     | Killed a boulder beetle
 12775 | D:12     | Reached skill level 5 in Fighting
 12775 | D:12     | Reached skill level 5 in Armour
 12802 | D:12     | Noticed a two-headed ogre
 12810 | D:12     | Killed a two-headed ogre
 12880 | D:12     | Noticed a two-headed ogre
 12888 | D:12     | Killed a two-headed ogre
 12889 | D:12     | Reached XP level 12. HP: 68/68 MP: 30/30
 12921 | D:12     | Noticed Sonja
 12924 | D:12     | Killed Sonja
 13099 | D:12     | Noticed a boulder beetle
 13109 | D:12     | Killed a boulder beetle
 13442 | D:12     | Reached ***** piety under Vehumet
 13464 | D:12     | Offered knowledge of Starburst by Vehumet.
 13478 | D:12     | Learned a level 6 spell: Starburst
 13592 | D:12     | Noticed a boulder beetle
 13599 | D:12     | Killed a boulder beetle
 13600 | D:12     | Reached skill level 1 in Conjurations
 13831 | D:12     | Found Zaplixer's Jewellery Emporium.
 14043 | Orc:1    | Entered Level 1 of the Orcish Mines
 14152 | Orc:2    | Entered Level 2 of the Orcish Mines
 14204 | Lair:1   | Entered Level 1 of the Lair of Beasts
 14225 | Lair:1   | Reached skill level 13 in Spellcasting
 14412 | Lair:1   | Found a frozen archway.
 14479 | IceCv    | Entered an ice cave
 14492 | IceCv    | Noticed a death yak
 14505 | IceCv    | Killed a death yak
 14862 | IceCv    | Noticed a death yak
 14862 | IceCv    | Noticed a death yak
 14893 | IceCv    | Noticed a death yak
 14936 | IceCv    | Killed a death yak
 14952 | IceCv    | Killed a death yak
 14957 | IceCv    | Killed a death yak
 15230 | IceCv    | Noticed a frost giant
 15230 | IceCv    | Noticed a death yak
 15263 | IceCv    | Killed a death yak
 15264 | IceCv    | Reached XP level 13. HP: 74/74 MP: 14/32
 15414 | IceCv    | Killed a frost giant
 15692 | IceCv    | Reached skill level 14 in Spellcasting
 17489 | Lair:2   | Found a staircase to the Snake Pit.
 17687 | Lair:2   | Found a staircase to the Shoals.
 18428 | Lair:3   | Learned a level 5 spell: Borgnjor's Vile Clutch
 18555 | Lair:3   | Reached skill level 1 in Necromancy
 18669 | Lair:3   | Found a dark tunnel.
 18674 | Volcano  | Entered a volcano
 18789 | Volcano  | Reached skill level 5 in Shields
 18973 | Volcano  | Reached skill level 15 in Spellcasting
 19008 | Volcano  | Reached skill level 10 in Dodging
 19356 | Volcano  | Noticed an orb of fire
 19404 | Volcano  | Noticed an orb of fire
 19662 | Lair:3   | Reached skill level 5 in Conjurations
 19816 | Lair:3   | Offered knowledge of Iron Shot by Vehumet.
 19826 | Lair:3   | Learned a level 6 spell: Iron Shot
 19953 | Lair:3   | Reached XP level 14. HP: 80/80 MP: 35/35
 20159 | Lair:3   | Identified a scroll of acquirement
 20160 | Lair:3   | Acquired the +1 pair of gloves of Cheibriados's Favour
                  | {Regen+ Int+2 Dex+3}
 21925 | Lair:4   | Found a staircase to the Slime Pits.
 22201 | Lair:5   | Entered Level 5 of the Lair of Beasts
 23213 | Lair:5   | Reached skill level 16 in Spellcasting
 24328 | Lair:5   | Got the Disquisition on Sciomancy and the Chill
 24817 | Lair:5   | Offered knowledge of Spellforged Servitor by Vehumet.
 24828 | Lair:5   | Learned a level 7 spell: Spellforged Servitor
 25177 | Lair:5   | Reached ****** piety under Vehumet
 25210 | Lair:5   | Reached skill level 5 in Necromancy
 25695 | Lair:5   | Reached XP level 15. HP: 77/86 MP: 16/37
 26217 | Lair:5   | Identified the staff of death "Walasu Unkipp" {rF- rN+
                  | Str-5 Int+4 Dex+8}
 26471 | D:13     | Found an ornate altar of the Wu Jian Council.
 26502 | D:13     | Found a flickering gateway to a bazaar.
 26541 | Bazaar   | Entered a bazaar
 26541 | Bazaar   | Found Mofaus's Distillery.
 26541 | Bazaar   | Found Aschow's Antique Weapon Shop.
 26612 | Bazaar   | Found Kyon's Antique Armour Shop.
 26620 | Bazaar   | Bought a brightly glowing robe for 85 gold pieces
 26620 | Bazaar   | Identified the +2 robe "Fifothr Zonn" {+Blink rPois} (You
                  | bought it in a shop in a bazaar)
 26633 | Bazaar   | Bought a crystal dagger for 140 gold pieces
 26633 | Bazaar   | Identified the +2 dagger of Desaryacw {heavy, rF+ Str+3
                  | Dex+3} (You bought it in a shop in a bazaar)
 26645 | Bazaar   | Bought 2 potions of attraction for 114 gold pieces
 26645 | Bazaar   | Bought a potion of resistance for 190 gold pieces
 26645 | Bazaar   | Bought a potion of curing for 57 gold pieces
 26645 | Bazaar   | Bought a potion of curing for 57 gold pieces
 26645 | Bazaar   | Bought a potion of curing for 57 gold pieces
 26645 | Bazaar   | Bought a potion of ambrosia for 152 gold pieces
 26647 | Bazaar   | Bought a potion of mutation for 152 gold pieces
 26797 | D:13     | Reached skill level 17 in Spellcasting
 27106 | D:13     | Found a gate to the Vaults.
 27124 | D:13     | Noticed Josephine
 27128 | D:13     | Killed Josephine
 27709 | D:14     | Reached skill level 1 in Summonings
 27709 | D:14     | Reached XP level 16. HP: 92/92 MP: 39/39
 28161 | D:14     | Reached skill level 15 in Earth Magic
 28491 | D:14     | Identified the +3 ring mail "Isiza" {Contam Slay+4}
 28633 | D:14     | Identified the +10 longbow "Rumaox" {antimagic, Int+3}
 29372 | D:14     | Identified the staff of air "Ilicsiza" {rElec Dex+2}
 29730 | D:14     | Offered knowledge of Iskenderun's Battlesphere by Vehumet.
 29946 | D:10     | Bought a scroll of brand weapon for 114 gold pieces
 29994 | D:10     | Killed Nergalle
 29995 | D:10     | Reached skill level 18 in Spellcasting
 30134 | D:15     | Entered Level 15 of the Dungeon
 31090 | D:15     | Found a staircase to the Depths.
 31489 | D:15     | Learned a level 5 spell: Iskenderun's Battlesphere
 31836 | Orc:2    | Found a staircase to the Elven Halls.
 31877 | Orc:1    | You fall into a shaft and drop 1 floor!
 32529 | Orc:1    | Reached XP level 17. HP: 99/99 MP: 0/41
 32819 | Orc:1    | Offered knowledge of Ozocubu's Refrigeration by Vehumet.
 33090 | Orc:1    | Identified the +1 robe of Chimes {Will+++ Regen+ Str+2
                  | Dex-4}
 33093 | Orc:1    | Identified the +6 mace "Sozofub" {distort, *Noise rCorr
                  | Str-2 Int+9}
 34111 | Orc:2    | Found Plog's Antique Armour Shoppe.
 34568 | Orc:2    | Found Otunosae's Weapon Shop.
 34642 | Orc:2    | Found Igifroenie's Assorted Antiques.
 34644 | Orc:2    | Found Mackeps's Jewellery Shoppe.
 34652 | Orc:2    | Bought the ring of Diez {rPois rF+ Will+} for 585 gold
                  | pieces
 34666 | Orc:2    | Bought a buzzing ring mail for 234 gold pieces
 34666 | Orc:2    | Identified the +0 ring mail of the Butcher {+Inv rElec rN+
                  | Str-3} (You bought it in a shop on level 2 of the Orcish
                  | Mines)
 34666 | Orc:2    | Bought a dazzling scale mail for 234 gold pieces
 34666 | Orc:2    | Identified the +0 scale mail of Happy Babbling {Fly rElec
                  | Str+4 Dex-2} (You bought it in a shop on level 2 of the
                  | Orcish Mines)
 34721 | Elf:1    | Entered Level 1 of the Elven Halls
 34722 | Elf:1    | Paralysed by an air elemental for 1 turns
 34824 | Elf:1    | Reached skill level 5 in Staves
 35517 | Elf:1    | Reached skill level 19 in Spellcasting
 35565 | Elf:1    | Reached skill level 5 in Summonings
 35778 | Elf:1    | Offered knowledge of Orb of Destruction by Vehumet.
 35800 | Elf:1    | Learned a level 7 spell: Orb of Destruction
 36248 | Elf:1    | Paralysed by an air elemental for 1 turns
 36406 | Elf:1    | Got the Incunable of the Shot
 37063 | Elf:1    | Got the Notes on the Escort
 37541 | Elf:2    | Found a runed translucent gate.
 37541 | Elf:2    | Found a runed translucent gate.
 37544 | Elf:2    | Found a runed translucent gate.
 37863 | Elf:2    | Reached XP level 18. HP: 105/105 MP: 39/43
 38372 | Elf:2    | Offered knowledge of Plasma Beam by Vehumet.
 38381 | Elf:2    | Learned a level 6 spell: Plasma Beam
 38787 | Elf:3    | Entered Level 3 of the Elven Halls
 39080 | Elf:3    | Noticed Mara
 39085 | Elf:3    | Killed Mara
 39227 | Elf:3    | Reached skill level 1 in Air Magic
 39251 | Elf:3    | Noticed Zenata
 39538 | Elf:3    | Reached skill level 20 in Spellcasting
 39900 | Elf:3    | Killed Zenata
 40668 | Elf:3    | Reached skill level 10 in Conjurations
 41229 | Elf:3    | Noticed a Hell Sentinel
 42215 | Elf:3    | Identified the staff of conjuration "Zuimicih" {+Blink rC-
                  | Dex+3}
 42377 | Elf:3    | Found the +0 mask of the Dragon {Will+ Slay+3 SInv}
 42394 | Elf:3    | Identified the +5 shortbow of Pitiu {flame, rN+ rCorr}
 42610 | Elf:3    | Identified the +1 swamp dragon scales of Jyreole {rPois rF+
                  | Regen+}
 42622 | Elf:3    | Got Juyr Xep's Atlas of the Sweltering Mob
 42703 | Elf:3    | Identified the +2 pair of gloves of Birdsong {Harm}
 42705 | Elf:3    | Identified the +7 fire dragon scales "Rayl Sag" {rF++ rC-
                  | Regen+ rCorr Dex-3}
 42758 | Elf:3    | Identified the +10 spear of Bepuru {venom, Dex+5}
 43897 | Elf:2    | Reached XP level 19. HP: 112/112 MP: 12/45
 44494 | Snake:1  | Entered Level 1 of the Snake Pit
 44510 | Snake:1  | Offered knowledge of Fire Storm by Vehumet.
 44510 | Snake:1  | Offered knowledge of Shatter by Vehumet.
 44510 | Snake:1  | Offered knowledge of Maxwell's Capacitive Coupling by
                  | Vehumet.
 44543 | Snake:1  | Noticed Aizul
 45041 | Snake:1  | Killed Aizul
 45221 | Snake:1  | Found Zobov's Antique Armour Shoppe.
 45266 | Snake:1  | Noticed Asterion
 45271 | Snake:1  | Killed Asterion
 46457 | Snake:1  | Reached skill level 21 in Spellcasting
 48176 | Snake:2  | Found Uptoakiy's Book Boutique.
 48886 | Snake:3  | Reached skill level 10 in Fighting
 49138 | Snake:3  | Identified the +9 sling "Fikukh" {freeze, rF+++ Int-4 SInv}
 49614 | Snake:3  | Reached skill level 1 in Ranged Weapons
 50797 | Snake:4  | Entered Level 4 of the Snake Pit
 50797 | Snake:4  | Noticed Donald
 50803 | Snake:4  | Killed Donald
 51900 | Snake:4  | Reached skill level 5 in Air Magic
 52649 | Snake:4  | Noticed Mlioglotl
 52653 | Snake:4  | Killed Mlioglotl
 52890 | Snake:4  | Reached XP level 20. HP: 117/117 MP: 31/47
 53346 | Snake:4  | Reached skill level 10 in Armour
 53651 | Snake:4  | Got a serpentine rune of Zot
 54469 | Vaults:1 | Entered Level 1 of the Vaults
 54601 | Vaults:1 | Found a glowing silver altar of Zin.
 54601 | Vaults:1 | Found a crumbling gateway.
 54601 | Vaults:1 | Found a white marble altar of Elyvilon.
 54637 | Vaults:1 | Found a glowing golden altar of the Shining One.
 54752 | Desolati | Entered the Desolation of Salt
 54820 | Desolati | Reached skill level 22 in Spellcasting
 56485 | Desolati | Got the Meditations on Aerial Excavation
 56504 | Desolati | Reached skill level 5 in Ranged Weapons
 56825 | Desolati | Got the Encyclopedia of the Switch
 56829 | Desolati | Identified the +1 helmet of the Locust {rPois rC+ Stlth+}
 56843 | Desolati | Identified the ring of Eruzxik {Will+ Dex+6}
 56880 | Desolati | Got Sif Muna's Quarto of Lithic Algor
 56883 | Desolati | Identified the amulet "Egaph" {Reflect rElec Will+ SH+5
                  | SInv}
 57352 | Desolati | Got Teshin's Codex of the Hiemal Traveller
 57362 | Desolati | Identified the ring "Werem" {Int+6 Dex+4}
 57837 | Vaults:1 | Reached skill level 15 in Dodging
 59972 | Vaults:2 | Found a staircase to the Crypt.
 60116 | Vaults:2 | Reached XP level 21. HP: 122/122 MP: 24/49
 60899 | Vaults:2 | Reached skill level 23 in Spellcasting
 61033 | Vaults:2 | Identified the +1 scale mail of Duck's Teeth {*Corrode
                  | rElec Str+3}
 61322 | Vaults:2 | Found Irghiowk's Book Boutique.
 62449 | Vaults:3 | Reached skill level 5 in Evocations
 62592 | Vaults:3 | Reached skill level 10 in Stealth
 63767 | Vaults:3 | Learned a level 8 spell: Lehudib's Crystal Spear
 63900 | Vaults:3 | Reached skill level 10 in Summonings
 63901 | Vaults:3 | Reached skill level 10 in Fire Magic
 65160 | Vaults:4 | Noticed Jory
 65164 | Vaults:4 | Killed Jory
 65294 | Vaults:4 | Reached XP level 22. HP: 114/128 MP: 28/51
 65701 | Vaults:4 | Reached skill level 24 in Spellcasting
 66918 | Vaults:4 | Noticed Bai Suzhen
 66930 | Vaults:4 | Killed Bai Suzhen
 67684 | Shoals:1 | Entered Level 1 of the Shoals
 69598 | Shoals:2 | Noticed Jorgrun
 69601 | Shoals:2 | Killed Jorgrun
 70693 | Shoals:3 | Noticed Polyphemus
 70700 | Shoals:3 | Killed Polyphemus
 71547 | Shoals:4 | Entered Level 4 of the Shoals
 71559 | Shoals:4 | Reached skill level 25 in Spellcasting
 72006 | Shoals:4 | Got a barnacled rune of Zot
 72747 | Shoals:4 | Identified the +2 cloak "Izypriaq" {Contam rC+++ Str+6}
 73102 | Shoals:4 | Reached XP level 23. HP: 135/135 MP: 38/54
 73113 | Shoals:4 | Identified the ring of Haonluleco {rC+ rN+ Int+3}
 73671 | D:4      | Killed hgbash's ghost
 73931 | Vaults:2 | Learned a level 9 spell: Shatter
 73936 | Crypt:1  | Entered Level 1 of the Crypt
 74149 | Crypt:1  | Noticed Margery
 74169 | Crypt:1  | Killed Margery
 74404 | Crypt:1  | Reached skill level 15 in Stealth
 74936 | Crypt:1  | Identified the +7 chain mail of the Exiled Wars {-Tele
                  | rPois Dex+4}
 75322 | Crypt:1  | Noticed Vv
 75920 | Crypt:1  | Killed Vv
 76861 | Crypt:2  | Found an ancient bone altar of Kikubaaqudgha.
 78259 | Crypt:3  | Entered Level 3 of the Crypt
 78595 | Crypt:3  | Reached skill level 26 in Spellcasting
 78695 | Crypt:3  | Found a staircase to the Tomb.
 78892 | Crypt:3  | Noticed an ancient lich
 78894 | Crypt:3  | Killed an ancient lich
 80072 | Crypt:3  | Found an ancient bone altar of Kikubaaqudgha.
 80074 | Crypt:3  | Found a basalt altar of Yredelemnul.
 80115 | Crypt:3  | Identified the +0 pair of boots of Claustrophobia {Rampage
                  | rN+}
 80120 | Crypt:3  | Identified the ring "Vefapn" {Contam Str+3 Int+6 SInv}
 80149 | Crypt:3  | Identified the ring "Neotroac" {*Corrode rC+++ Will+++ SInv
                  | Stlth-}
 80156 | Crypt:3  | Got the Parchment of the Immovable Lies
 80674 | Depths:1 | Entered Level 1 of the Depths
 80830 | Depths:1 | Found Tuppemoe's Book Shop.
 80895 | Depths:1 | Found Gurch's Jewellery Boutique.
 80897 | Depths:1 | Found Meigoh's Book Emporium.
 80898 | Depths:1 | Found Unonaomn's Jewellery Boutique.
 80943 | Depths:1 | Reached XP level 24. HP: 142/142 MP: 30/55
 81149 | Depths:1 | Found a one-way gate leading to the halls of Pandemonium.
 81162 | Depths:1 | Found Gossijem's Armour Boutique.
 81174 | Depths:1 | Bought the -2 hat of the Alchemist {rElec rPois rF+ rC+ rN+
                  | Will+ rMut rCorr} for 991 gold pieces
 81174 | Depths:1 | Found the -2 hat of the Alchemist {rElec rPois rF+ rC+ rN+
                  | Will+ rMut rCorr}
 81213 | Depths:1 | You fall into a shaft and drop 1 floor!
 81213 | Depths:2 | Found Gozag's Assorted Antiques.
 81213 | Depths:2 | Found Gozag's Assorted Antiques.
 81246 | Depths:2 | Found Gozag's Assorted Antiques.
 81252 | Depths:2 | Found a gateway to Hell.
 81257 | Depths:2 | Found a one-way gateway to a ziggurat.
 81838 | Depths:1 | Found Big Baal Hell's Store.
 82262 | Depths:1 | Reached skill level 15 in Conjurations
 83198 | Depths:2 | Found an opulent altar of Gozag.
 84178 | Depths:3 | Found a one-way gate to the infinite horrors of the Abyss.
 84396 | Depths:3 | Found Pydeq's Antique Armour Boutique.
 84398 | Depths:3 | Found Buheur's Weapon Shop.
 84398 | Depths:3 | Found Iwuejek's Antique Weapon Boutique.
 84403 | Depths:3 | Found Saacliur's Distillery.
 84409 | Depths:3 | Bought 2 potions of magic for 272 gold pieces
 84423 | Depths:3 | Reached skill level 27 in Spellcasting
 84425 | Depths:3 | Noticed the Enchantress
 84428 | Depths:3 | Killed the Enchantress
 84457 | Depths:3 | Mangled by a spark wasp

Illustrated notes

Levels and vault maps discovered:
D:1:      beargit_arrival_greenhouse, layout_basic
D:2:      layout_rooms
D:3:      kennysheep_goblin_castle, layout_loops_ring, tgw_sif,
          ebering_ecumenical_altar_petrified, gup_sewer_entry_bowl, uniq_ijyb
D:4:      layout_cave_pools, temple_green, ebering_ghost_rock_garden
D:5:      layout_loops_ring, nicolae_gozag_cash_rules_everything_around_me,
          dk_vineyard_2, uniq_menkaure, uniq_eustachio, uniq_duvessa,
          uniq_crazy_yiuf_cottage
D:6:      layout_loops_corners, minivault_26, dreamdust_mushroom_princess
D:7:      layout_gridville
D:8:      layout_rooms, nicolae_hepliaklqana_hippocampus, uniq_prince_ribbit1
D:9:      layout_loops_ring, trog_antimagical, minmay_orc_entry_temple_small,
          enter_bailey_6, kennysheep_crisscross
D:10:     layout_roguey, nicolae_ashenzari_skybound, lemuel_doored_altar,
          hellmonk_lair_entry_icy, serial_shops, shop, uniq_nergalle,
          uniq_harold, uniq_fannar
D:11:     layout_irregular_city
D:12:     layout_small_grid, serial_shops, kennysheep_mini,
          hangedman_abyss_or_decor_lesser_grid, uniq_sonja
D:13:     layout_loops_ring, erik_vaults_1, serial_shops, bzr_entry_gold,
          nicolae_wu_jian_wuxing_cycle, uniq_josephine
D:14:     minmay_the_grid_octo_2x2 [minmay_the_grid_octo_odd_swirl,
          minmay_the_grid_octo_pinwheel, minmay_the_grid_octo_horde,
          minmay_the_grid_octo_prize_star], layout_loops_ring,
          kennysheep_cross_room, hangedman_tell_no_tales
D:15:     hangedman_depths_entry_try_elsewhere_first, layout_basic,
          serial_park_tiny_2
Temple:   eino_temple_scatter_basement
Lair:1:   layout_regular_city, portal_ice_cave_demonic_guard, grunt_megastairs_5
Lair:2:   layout_chaotic_city, elwin_shoals_entry_rocks,
          nicolae_snake_entry_warm_welcome, serial_rivers,
          chequers_serial_rivers_small_a, chequers_serial_rivers_marsh,
          chequers_serial_rivers_micro_d, chequers_serial_rivers_micro_b,
          chequers_serial_rivers_micro_c, chequers_serial_rivers_room_a,
          beast_lair_carwin_5
Lair:3:   layout_regular_city, nicolae_volcano_entry_s_turn, grunt_megastairs_2
Lair:4:   layout_layer_cave, slime_entry_1, beast_lair_carwin_10
Lair:5:   hangedman_lair_in_review, layout_loops_ring,
          hangedman_lair_caniforms_friends, serial_bayou_pond_e
Shoals:1: layout_shoals, nicolae_shoals_pincushion_passage
Shoals:2: cheibrodos_shoals_roost, layout_shoals, uniq_jorgrun
Shoals:3: layout_shoals, nicolae_shoals_arrival_archipelago, uniq_polyphemus
Shoals:4: shoals_end_hangedman, layout_shoals, nicolae_shoals_shepherds
Snake:1:  layout_chambers, nicolae_integral_box, minmay_shop_star,
          lemuel_fruit_tree, uniq_aizul, uniq_asterion
Snake:2:  layout_chambers, serial_shops, nicolae_shop_real_fake_doors
Snake:3:  layout_honeycomb
Snake:4:  snake_pit, layout_basic, uniq_donald, uniq_mlioglotl
Orc:1:    layout_caves, basic_altar, minmay_orc_treasury
Orc:2:    st_orc_elflike, layout_caves
Elf:1:    eino_elf_arrival_the_gate, layout_geoelf_grid, minmay_elf_sorcery,
          hangedman_research_convocations
Elf:2:    elven_hall_of_blades_hangedman_original [nicolae_blade_little_rooms],
          layout_rooms, nicolae_elf_crossing_hall
Elf:3:    minmay_elf_hall, layout_loops_ring, st_stairs_1, uniq_mara,
          uniq_zenata
Vaults:1: portal_desolation_entry_holy_temple, hangedman_vaults_snaps,
          nicolae_vaults_alarming, ontoclasm_vaults_claustrophobia,
          ontoclasm_vaults_eye, nicolae_vaults_yaktaur_gun_rack,
          grunt_vaults_swirl, st_lattice, vaults_standard_mumra_x,
          nicolae_vaults_rhombus_7, nicolae_vaults_little_squares_2,
          layout_vaults_omnicross
Vaults:2: nicolae_vaults_ninety_degrees, minmay_crypt_entry_simple_box,
          v_misc_30, nicolae_vaults_what_the_h, nicolae_vaults_disjoint_gnomons,
          nicolae_vaults_mini_display_case, nicolae_vaults_network_quinsquares
          [nicolae_vaults_network_quincunx_subvault,
          nicolae_vaults_network_quincunx_subvault,
          nicolae_vaults_network_quincunx_subvault,
          nicolae_vaults_network_quincunx_subvault], vaults_room_pools,
          layout_vaults_chaotic_city, serial_shops, nicolae_book_shop_shelving
Vaults:3: ontoclasm_vaults_decontamination, vaults_room_glass_cross,
          ontoclasm_vaults_ring_square, v_misc_10, nicolae_vaults_little_ls,
          vaults_room_large_hall, v_misc_14, hangedman_vaults_hat, v_pattern_3,
          vaults_room_corners, hangedman_vaults_maws, v_misc_26, v_misc_17,
          ontoclasm_vaults_misaligned, layout_vaults_omnibox
Vaults:4: v_alt_pattern_6, ontoclasm_vaults_hangar, v_alt_pattern_2, v_misc_13,
          nicolae_vaults_little_squares_5, nicolae_vaults_twisting_passages,
          ontoclasm_vaults_loading_screen, vaults_dpeg_ring, v_misc_11,
          nicolae_vaults_sealed_display, ontoclasm_vaults_ring_small,
          nicolae_vaults_border_crossing, grunt_vaults_hallway_short,
          layout_vaults_maze, uniq_bai_suzhen, uniq_jory
Crypt:1:  layout_basic, st_stairs_5, hex_medium, grunt_crypt_arrival_split,
          uniq_josephina, uniq_margery, uniq_vv
Crypt:2:  layout_chaotic_city, basic_altar, st_stairs_12, tombwall_bobbens
Crypt:3:  lightli_unholy_cathedral, layout_chaotic_city
Depths:1: layout_gridville, grunt_pan_entry_zigzag, serial_shops, shop,
          nicolae_shop_pleasant_corner_grove, serial_sigils_hangedman_shear,
          nicolae_hell_entry_big_baal_hell, minmay_misc_feat_iff,
          minmay_guarded_unrand_curses, minmay_shop_grove
Depths:2: kennysheep_gozag_temple, layout_cave_pools, enter_ziggurat_b,
          hell_entry, rand_demon_pan_entry_1, serial_sigils_hangedman_stare,
          firewood_loft, infiniplex_staircase_pillars_1
Depths:3: minmay_skeleton_keep, layout_cave_pools, rand_demon_pan_entry_7,
          hell_entry, lemuel_tele_altar, abyss_entry, lemuel_flamethrower_2,
          infiniplex_staircase_pool_2, minmay_shoptagon, uniq_enchantress

Skill      XL: |  1  2  3  4  5  6  7  8  9 10 11 12 13 14 15 16 17 18 19 20 21 22 23 24 |
---------------+-------------------------------------------------------------------------+-----
Spellcasting   | 4 5 6 7 9 10 12 13 15 16 17 18 19 20 21 22 23 25 26 27 | 27.0
Stealth        | 3 4 5 7 8 11 14 16 17 | 17.0
Armour         | 1 2 3 4 5 6 7 8 9 10 11 | 11.9
Short Blades   | 1 2 |  2.0
Earth Magic    | 4 5 6 8 9 10 11 12 14 15 16 17 18 19 20 21 22 23 | 23.2
Fighting       | 1 2 3 4 5 6 7 8 9 10 11 12 | 12.0
Dodging        | 3 4 5 6 7 8 9 10 11 12 13 14 15 16 | 16.3
Throwing       | 1 2 3 |  3.0
Evocations     | 1 2 3 4 6 7 8 |  8.0
Fire Magic     | 2 4 5 6 7 9 10 | 10.0
Staves         | 1 3 4 6 |  6.0
Transmutations | 3 |  3.0
Shields        | 1 3 4 5 6 |  6.0
Conjurations   | 2 5 6 7 8 9 10 11 12 13 14 15 | 15.0
Necromancy     | 2 5 |  5.0
Summonings     | 1 3 5 6 7 9 10 | 10.0
Air Magic      | 3 5 |  5.0
Ranged Weapons | 3 6 7 |  7.0

Action                     |  1- 3 |  4- 6 |  7- 9 | 10-12 | 13-15 | 16-18 | 19-21 | 22-24 || total
---------------------------+-------+-------+-------+-------+-------+-------+-------+-------++-------
  Melee: Dagger            |     1 |     1 |     3 |       |       |       |       |       ||     5
         Staff             |       |       |       |     3 |     7 |     1 |     4 |    21 ||    36
         Mace              |       |       |       |       |       |    11 |    19 |       ||    30
   Fire: Shortbow          |       |       |       |     6 |       |       |       |       ||     6
  Throw: Dart              |       |     8 |    11 |    64 |    23 |    19 |     8 |     1 ||   134
   Cast: Sandblast         |    64 |    84 |   103 |    51 |    46 |    10 |   379 |    85 ||   822
         Stone Arrow       |       |       |    82 |   240 |   318 |   177 |   132 |   191 ||  1140
         Foxfire           |       |       |    81 |   216 |   310 |     9 |       |       ||   616
         Sticky Flame      |       |       |       |     1 |       |       |       |       ||     1
         Borgnjor's Vile C |       |       |       |       |   166 |   199 |   359 |    41 ||   765
         Iron Shot         |       |       |       |       |    56 |   336 |   326 |   370 ||  1088
         Starburst         |       |       |       |       |       |     7 |     3 |     4 ||    14
         Iskenderun's Batt |       |       |       |       |       |     2 |    26 |    33 ||    61
         Passwall          |       |       |       |       |       |     4 |       |       ||     4
         Orb of Destructio |       |       |       |       |       |       |    16 |    19 ||    35
         Plasma Beam       |       |       |       |       |       |       |     5 |     2 ||     7
         Spellforged Servi |       |       |       |       |       |       |    28 |   131 ||   159
         Petrify           |       |       |       |       |       |       |     2 |       ||     2
         Lehudib's Crystal |       |       |       |       |       |       |       |    30 ||    30
         Shatter           |       |       |       |       |       |       |       |     1 ||     1
  Evoke: Phantom mirror    |       |       |     1 |       |       |       |       |       ||     1
         Wand              |       |       |       |     5 |     3 |    11 |     3 |     2 ||    24
         Box of beasts     |       |       |       |       |       |       |     1 |     1 ||     2
    Use: Scroll            |     4 |     5 |     5 |    14 |     6 |    11 |     4 |    10 ||    59
         Potion            |       |       |       |     3 |     1 |     5 |     2 |     5 ||    16
   Stab: Sleeping          |     1 |     1 |       |       |       |       |       |       ||     2
 Armour: Robe              |     5 |       |       |    13 |       |       |       |       ||    18
         Troll leather arm |       |     7 |     9 |       |       |       |       |       ||    16
         Leather armour    |       |       |    24 |    18 |     3 |       |       |       ||    45
         Animal skin       |       |       |       |       |    30 |    37 |    72 |    57 ||   196
  Dodge: Dodged            |    18 |    17 |    47 |    55 |   107 |   162 |   356 |   241 ||  1003
  Block: Other             |       |     8 |    13 |    19 |    30 |       |       |       ||    70
         Reflection        |       |     2 |       |     1 |     2 |    27 |    60 |    20 ||   112
         Buckler           |       |       |       |       |       |   104 |   208 |   189 ||   501

Table legend: (Time is in decaauts)
 A = Elapsed time spent in this place.
 B = Non-inter-level travel time spent in this place.
 C = Inter-level travel time spent in this place.
 D = Time resting spent in this place.
 E = Time spent auto-exploring this place.
 F = Levels seen in this place.
 G = Mean time per level.
                   A        B        C        D        E       F      G
               +--------+--------+--------+--------+--------+-----+--------+
         Total |  85034 |  79904 |   5130 |  20414 |  42699 |  50 | 1700.7 |
       Dungeon |  19449 |  17096 |   2353 |   2494 |  11201 |  15 | 1296.6 |
        Temple |     38 |     30 |      8 |      0 |     10 |   1 |   38.0 |
          Lair |  10166 |   9662 |    504 |    973 |   6972 |   5 | 2033.2 |
        Shoals |   5773 |   5626 |    147 |    908 |   3706 |   4 | 1443.2 |
     Snake Pit |   9898 |   9535 |    363 |   2421 |   5508 |   4 | 2474.5 |
  Orcish Mines |   3689 |   3491 |    198 |   1717 |   1234 |   2 | 1844.5 |
   Elven Halls |   9373 |   8786 |    587 |   3495 |   3151 |   3 | 3124.3 |
        Vaults |  10401 |   9856 |    545 |   2458 |   5586 |   4 | 2600.2 |
         Crypt |   6078 |   5900 |    178 |   2117 |   2616 |   3 | 2026.0 |
        Depths |   3751 |   3506 |    245 |    948 |   1697 |   3 | 1250.3 |
        Bazaar |    120 |    120 |      0 |      0 |     76 |   1 |  120.0 |
         Sewer |    105 |    105 |      0 |      0 |      0 |   1 |  105.0 |
        Bailey |    945 |    945 |      0 |    211 |    232 |   1 |  945.0 |
      Ice Cave |   1540 |   1540 |      0 |    607 |    468 |   1 | 1540.0 |
       Volcano |    845 |    845 |      0 |    411 |     36 |   1 |  845.0 |
    Desolation |   2857 |   2857 |      0 |   1652 |    204 |   1 | 2857.0 |
               +--------+--------+--------+--------+--------+-----+--------+

Top non-repeatable levels by time:
   Elf:3: 4244 daAuts
  Lair:5: 4100 daAuts
 Snake:4: 3472 daAuts
Desolation: 2857 daAuts
Vaults:1: 2777 daAuts
Vaults:2: 2758 daAuts
   Elf:2: 2719 daAuts
 Snake:1: 2706 daAuts
   Orc:2: 2586 daAuts
Vaults:4: 2438 daAuts
Vaults:3: 2426 daAuts
   Elf:1: 2409 daAuts
 Crypt:1: 2353 daAuts
Depths:1: 2332 daAuts
 Snake:3: 2107 daAuts
